 Dungeon Crawl Stone Soup version 0.29-a0-1009-g60c99734e7 (webtiles) character file.

Game seed: 14037018997038601310

536 ragingrage the Chopper (level 7, 0/31 HPs)
             Began as a Vine Stalker Chaos Knight on Aug 8, 2022.
             Was a Plaything of Xom.
             Slain by a gnoll sergeant
             ... wielding a +3 spear of freezing
              (2 damage)
             ... on level 5 of the Dungeon.
             The game lasted 00:03:37 (2892 turns).

ragingrage the Chopper (Vine Stalker Chaos Knight)  Turns: 2892, Time: 00:03:37

Health: 0/31       AC:  6    Str: 16 (17) XL:     7   Next: 25%
Magic:  0/8        EV: 11    Int: 12      God:    Xom [..*...]
Gold:   219        SH:  0    Dex: 13      Spells: 6/6 levels left

rFire   . . .      SeeInvis .   i - +0 mace (drain)
rCold   . . .      Faith    .   u - orb {light}
rNeg    . . .      Spirit   +   b - +2 leather armour
rPois   +          Reflect  .   (no helmet)
rElec   .          Harm     .   (no cloak)
rCorr   .          Rampage  .   (no gloves)
Will    .....                   q - +0 pair of boots
Stlth   +.........              (no amulet)
HPRegen 0.90/turn               l - ring of poison resistance
MPRegen 0.11/turn               (no ring)

@: glowing
A: fangs 2, regeneration 1, magic shield, antimagic bite, no potion heal 2,
deterioration 1, frail 1
a: Renounce Religion


You were on level 5 of the Dungeon.
You worshipped Xom.
You were a toy of Xom.
You visited 1 branch of the dungeon, and saw 5 of its levels.

You collected 219 gold pieces.

Inventory:

Hand Weapons
 a - a +0 hand axe of chaos
 i - a +0 mace of draining (weapon)
Missiles
 n - 2 poisoned darts
Armour
 b - a +2 leather armour (worn)
 q - a +0 pair of boots (worn)
 u - an orb of light (worn)
Jewellery
 l - a ring of poison resistance (left hand)
Scrolls
 d - 3 scrolls of identify {unknown}
 f - a scroll of enchant armour {unknown}
 g - 2 scrolls of vulnerability {unknown}
 j - 2 scrolls of fear {unknown}
 k - 2 scrolls of blinking {unknown}
 o - a scroll of poison {unknown}
 s - a scroll of noise {unknown}
 v - a scroll of teleportation {unknown}
 w - a scroll of immolation {unknown}
Potions
 e - 3 potions of haste
 h - 3 potions of heal wounds {unknown}
 m - a potion of lignification {unknown}
 p - 2 potions of curing {unknown}
 r - 4 potions of berserk rage {unknown}
 t - a potion of might {unknown}
 x - a potion of mutation {unknown}
Miscellaneous
 c - a piece from Xom's chessboard (15/15) (quivered)


   Skills:
 - Level 2.6 Fighting
 * Level 7.4 Axes
 - Level 1.5 Armour
 - Level 0.7 Dodging


You had 6 spell levels left.
You didn't know any spells.
Your spell library contained the following spells:

 Spells                   Type           Power      Damage    Failure   Level
 Apportation              Tloc           0%         N/A       38%         1
 Necrotise                Necr           0%         1d4       38%         1
 Summon Small Mammal      Summ           0%         N/A       38%         1
 Confusing Touch          Hex            0%         N/A       77%         3
 Yara's Violent Unravell  Hex/Tmut       0%         3d3       100%        5
 Enfeeble                 Hex            0%         N/A       100%        7


Dungeon Overview and Level Annotations

Branches:
Dungeon (5/15)             Temple (0/1) D:5

Altars:
Dithmenos
Sif Muna

Shops:
D:1 ?


Innate Abilities, Weirdness & Mutations

You have extremely sharp teeth.
Your natural rate of healing is unusually fast.
When hurt, damage is shared between your health and your magic reserves.
Your bite disrupts and absorbs the magic of your enemies.
Potions cannot restore your health.
Your body sometimes deteriorates upon taking damage.
You are frail. (-10% HP)


Message History

You kill the gnoll!
The gnoll sergeant hits you with a +3 spear of freezing!
Your body deteriorates!
You feel weakened. The gnoll sergeant freezes you.
There is a stone staircase leading up, spattered with blood here.
Things that are here:
a +0 club; a gnoll corpse You hit the gnoll sergeant but do no damage.
You drain the gnoll sergeant.
The gnoll sergeant is lightly wounded.
The gnoll sergeant barely misses you.
You hit the gnoll sergeant but do no damage.
You bite the gnoll sergeant, but do no damage.
The gnoll sergeant is lightly wounded.
The gnoll closely misses you.
The gnoll sergeant hits you with a +3 spear of freezing!
The gnoll sergeant freezes you.
You hit the gnoll sergeant but do no damage.
You bite the gnoll sergeant, but do no damage.
The gnoll sergeant is lightly wounded.
The gnoll hits you with a +0 whip.
The gnoll sergeant hits you with a +3 spear of freezing.
The gnoll sergeant freezes you.
You hit the gnoll sergeant. You bite the gnoll sergeant. You drain its power.
You feel invigorated.
The gnoll sergeant is moderately wounded. "Hum-dee-hum-dee-hum..."
The gnoll seems to grow stronger.
The gnoll hits you with a +0 whip.
* * * LOW HITPOINT WARNING * * *
The gnoll sergeant hits you with a +3 spear of freezing.
* * * LOW HITPOINT WARNING * * *
The gnoll sergeant freezes you.
* * * LOW HITPOINT WARNING * * *
The gnoll hits you but does no damage.
The gnoll sergeant hits you with a +3 spear of freezing!
* * * LOW HITPOINT WARNING * * *
Xom is interested.
The gnoll sergeant freezes you.
You die...
Xom is highly amused!

#.## ....# ...
#....#
..##.....#.
..........
#.#..... #.#..#
## #...# ...
##...# ##...
#.@### #.....
##ggg###......
#............[
#..#...#.......
#...........$..
#....8.8.8.....
#......⌠.⌠.$..##
#.....8.>.8..##
#.#....⌠.⌠.g...


You could see a gnoll sergeant (drained) and 2 gnolls.

Vanquished Creatures
  An ogre (D:4)
  A scorpion (D:4)
  A howler monkey (D:4)
  2 hounds (D:4)
  2 orc wizards (D:4)
  Natasha (thrice) (D:4)
  A gnoll (D:5)
  4 adders
  A worm (D:3)
  2 dart slugs (D:1)
  3 orcs (D:4)
  A bat skeleton (D:2)
  6 endoplasms
  4 goblins
  7 hobgoblins
  3 jackals (D:1)
  6 kobolds
  2 quokkas
  8 ball pythons
  6 bats
  5 frilled lizards
  5 rats
74 creatures vanquished.

Vanquished Creatures (collateral kills)
  4 gnolls (D:3)
  An adder (D:3)
  A worm (D:3)
  An orc (D:3)
  A bat (D:3)
8 creatures vanquished.

Grand Total: 82 creatures vanquished

Notes
Turn   | Place    | Note
-------+----------+-------------------------------------------
     0 | D:1      | ragingrage the Vine Stalker Chaos Knight began the quest
                  | for the Orb.
     0 | D:1      | Reached XP level 1. HP: 11/11 MP: 2/2
    24 | D:1      | Reached skill level 3 in Axes
    59 | D:1      | XOM: silly message
   309 | D:1      | XOM: silly message
   341 | D:1      | Reached XP level 2. HP: 16/16 MP: 3/3
   351 | D:1      | Found Soiremui's Magic Scroll Shoppe.
   651 | D:1      | Reached XP level 3. HP: 18/19 MP: 4/4
   719 | D:1      | XOM: divination: detect items
   760 | D:1      | XOM: silly message
   788 | D:1      | XOM: divination: detect creatures
  1045 | D:2      | Reached skill level 4 in Axes
  1227 | D:2      | XOM: silly message
  1623 | D:3      | Found a shadowy altar of Dithmenos.
  1623 | D:3      | Found a shimmering blue altar of Sif Muna.
  1665 | D:3      | Gained mutation: Your natural rate of healing is unusually
                  | fast. [Vine Stalker growth]
  1665 | D:3      | Reached XP level 4. HP: 14/23 MP: 2/5
  1818 | D:3      | Found a faded altar of an unknown god.
  1863 | D:3      | XOM: enchant monster (good)
  1873 | D:3      | Reached skill level 5 in Axes
  1875 | D:3      | Reached XP level 5. HP: 26/27 MP: 4/6
  2138 | D:4      | Noticed an ogre
  2143 | D:4      | XOM: 2-stop teleportation journey
  2266 | D:4      | XOM: god gift: staff of death
  2276 | D:4      | Reached skill level 6 in Axes
  2276 | D:4      | Reached XP level 6. HP: 32/32 MP: 7/7
  2351 | D:4      | XOM: swap monsters
  2362 | D:4      | Noticed Natasha
  2371 | D:4      | Killed Natasha
  2428 | D:4      | Noticed Natasha
  2434 | D:4      | Killed Natasha
  2528 | D:4      | Reached skill level 7 in Axes
  2528 | D:4      | Reached XP level 7. HP: 32/35 MP: 6/8
  2617 | D:4      | XOM is BORED!
  2617 | D:4      | XOM: noise
  2672 | D:4      | XOM: give mutations
  2672 | D:4      | Gained mutation: You are frail. (-10% HP) [Xom's mischief]
  2672 | D:4      | Gained mutation: Your body sometimes deteriorates upon
                  | taking damage. [Xom's mischief]
  2702 | D:4      | XOM: cloud trail
  2821 | D:4      | Noticed Natasha
  2828 | D:4      | Killed Natasha
  2868 | D:5      | Entered Level 5 of the Dungeon
  2868 | D:5      | Found a staircase to the Ecumenical Temple.
  2892 | D:5      | XOM: enchant monster (bad)
  2892 | D:5      | Slain by a gnoll sergeant

Illustrated notes

Levels and vault maps discovered:
D:1:      grunt_arrival_lava_bath, layout_loops_ring, serial_shops,
          nicolae_shop_stone, hangedman_feature_mirror, grunt_decor_cap,
          minmay_tree_intersection
D:2:      layout_rooms, serial_undead, serial_undead_a, serial_undead_b,
          serial_undead_c, serial_undead_d,
          nicolae_concentric_dashed_squares_mild
D:3:      layout_basic, chequers_temple_overflow_statue_of_worship,
          basic_ecumenical_altar, kennysheep_crisscross, supply_closet_lemuel
D:4:      layout_basic, hangedman_abyss_or_decor_slice, grunt_ministairs_7,
          uniq_natasha, uniq_pikel
D:5:      nicolae_cairo_tiling, layout_cave_pools,
          minmay_temple_entry_statues_fountains, enter_ossuary_1

Skill      XL: |  1  2  3  4  5  6 |
---------------+-------------------+-----
Axes           | 3 4 5 6 7 |  7.4
Fighting       | |  2.6
Armour         | |  1.5
Dodging        | |  0.7

Action                   |  1- 3 |  4- 6 |  7- 9 || total
-------------------------+-------+-------+-------++-------
Melee: Hand axe          |    52 |       |       ||    52
       Bite              |    22 |    20 |     7 ||    49
       Mace              |    47 |    89 |    19 ||   155
Evoke: Piece from Xom's  |       |     5 |       ||     5
 Stab: Sleeping          |     1 |       |       ||     1
Armor: Leather armour    |    47 |    38 |     9 ||    94
Dodge: Dodged            |    77 |    43 |    14 ||   134

Table legend: (Time is in decaauts)
 A = Elapsed time spent in this place.
 B = Non-inter-level travel time spent in this place.
 C = Inter-level travel time spent in this place.
 D = Time resting spent in this place.
 E = Time spent auto-exploring this place.
 F = Levels seen in this place.
 G = Mean time per level.
                   A        B        C        D        E       F      G
               +--------+--------+--------+--------+--------+-----+--------+
         Total |   2938 |   2780 |    158 |     79 |   2076 |   5 |  587.6 |
       Dungeon |   2938 |   2780 |    158 |     79 |   2076 |   5 |  587.6 |
               +--------+--------+--------+--------+--------+-----+--------+

Top non-repeatable levels by time:
     D:1: 1051 daAuts
     D:4: 746 daAuts
     D:2: 575 daAuts
     D:3: 540 daAuts
     D:5: 24 daAuts
